Map: Ephemeron LE

Players

ViBE - Winner!

  • Race: Zerg Zerg
  • League: Master
  • Spawn Location: 5:00

A.I. 2 (Medium)

  • Race: Protoss Protoss
  • Spawn Location: 11:00

VOD

Have the link to the VOD?

Description

Time

  • Played on: Dec. 3, 2019, 5:17 p.m.
  • Length: 9:36
Show
View Real Time Build Order
Export as new Build Order

ViBE Zerg - Winner!

Build Orders: Hatch First 

Get SALT Encoding   

  12  0:00  Drone  
  13  0:14  Overlord  
  13  0:19  Drone  
  14  0:32  Drone  
  14  0:33  Drone  
  16  0:38  Drone  
  17  0:52  Hatchery  
  17  0:56  Drone  
  17  0:59  Drone  
  18  1:09  Extractor  
  17  1:14  Spawning Pool  
  17  1:17  Drone  
  17  1:22  Drone  
  18  1:29  Drone  
  19  1:50  Overlord  
  19  2:01  Queen  
  19  2:02  Zergling x2  
  19  2:04  Zergling x2, Queen  
  19  2:07  Drone  
  26  2:10  Metabolic Boost  
  26  2:13  Drone  
  27  2:20  Drone  
  28  2:33  Hatchery  
  27  2:38  Overlord  
  27  2:44  Drone x3  
  30  2:51  Queen  
  32  3:07  Overlord  
  32  3:11  Drone x6  
  38  3:23  Overlord  
  38  3:26  Drone x2  
  40  3:27  Drone  
  40  3:29  Queen  
  43  3:35  Drone  
  43  3:37  Drone  
  45  3:46  Drone x2  
  45  3:47  Drone x3, Zergling x2  
  45  3:48  Zergling x4  
  53  3:54  Roach Warren  
  52  3:58  Lair  
  52  4:06  Drone x4  
  56  4:23  Overlord x2  
  56  4:24  Zergling x6  
  56  4:25  Zergling x4  
  61  4:34  Extractor  
  61  4:35  Overlord x3  
  61  4:37  Overlord  
  60  4:51  Drone x11  
  71  5:01  Roach x5  
  71  5:07  Extractor, Drone  
  80  5:09  Extractor  
  80  5:20  Roach x5  
  91  5:28  Drone x2  
  91  5:29  Drone x7  
  99  5:37  Glial Reconstitution  
  98  5:53  Extractor  
  98  5:54  Overlord x5  
  98  5:56  Roach  
  98  5:57  Roach x3  
  105  6:05  Hatchery  
  104  6:11  Overlord x2  
  104  6:17  Overseer  
  104  6:19  Drone x4  
  104  6:22  Extractor  
  104  6:23  Drone x3, Baneling Nest  
  104  6:24  Drone x3, Hydralisk Den  
  111  6:28  Drone  
  111  6:29  Evolution Chamber  
  111  6:48  Roach x13  
  137  6:58  Roach x2  
  141  7:01  Overlord  
  141  7:02  Overlord  
  141  7:04  Grooved Spines  
  141  7:06  Zerg Melee Weapons Level 1, Centrifical Hooks  
  141  7:11  Overlord x4  
  141  7:12  Overlord x2  
  141  7:15  Baneling x8  
  141  7:26  Drone x6  
  141  7:27  Drone x2  
  146  7:37  Hydralisk x5  
  146  7:43  Hydralisk x2  
  146  7:44  Hydralisk x2  
  164  7:55  Drone  
  164  7:56  Infestation Pit  
  164  7:59  Hydralisk x3  
  170  8:29  Hydralisk x10  
  190  8:36  Zergling x2  
  190  8:37  Zergling x16  
  190  8:39  Zergling x2  
  196  8:54  Hydralisk x2  
Show
View Real Time Build Order
Export as new Build Order

A.I. 2 (Medium) Protoss 

Build Orders:  

Get SALT Encoding   

  12  0:00  Probe  
  13  0:13  Probe  
  14  0:20  Pylon  
  14  0:25  Probe  
  15  0:34  Probe  
  15  0:42  Probe  
  16  0:48  Assimilator  
  17  0:50  Gateway  
  17  0:52  Probe  
  18  1:01  Pylon  
  18  1:31  Gateway  
  18  1:34  Assimilator  
  18  1:41  Cybernetics Core  
  18  1:45  Zealot  
  20  2:04  Pylon  
  20  2:13  Adept  
  20  2:17  Warp Gate  
  22  2:37  Zealot  
  24  2:51  Adept  
  24  2:52  Pylon  
  26  3:11  Probe  
  27  3:16  Adept  
  29  3:23  Probe  
  30  3:30  Pylon  
  30  3:35  Stalker  
  30  3:36  Probe  
  33  3:46  Forge  
  33  3:48  Probe  
  34  3:54  Adept  
  36  4:00  Probe  
  37  4:09  Probe  
  37  4:14  Adept  
  39  4:17  Probe  
  40  4:33  Adept  
  42  4:52  Adept  
  44  5:33  Probe  
  44  6:33  Probe  
  44  6:45  Probe  
  44  6:49  Stalker  
  47  6:54  Pylon  
  47  6:55  Photon Cannon  
  47  6:57  Photon Cannon, Nexus  
  47  6:59  Robotics Facility  
  47  7:02  Stargate  
  47  7:03  Stalker  
  47  7:05  Twilight Council  
  49  7:10  Gateway  
  49  7:14  Forge  
  49  7:16  Pylon  
  49  7:18  Stalker  
  30  7:32  Stalker  
  32  7:46  Stalker  
  32  7:48  Observer  
  35  8:01  Sentry  
  36  8:09  Probe, Observer  
  36  8:12  Probe  
  39  8:15  Stalker  
  41  8:22  Probe, Assimilator  
  41  8:24  Probe  
  43  8:29  Zealot  
  43  8:30  Pylon  
  43  8:33  Pylon  
  43  8:34  Probe  
  45  8:37  Probe  
  44  8:43  Zealot  
  44  8:46  Probe  
  33  8:51  Zealot  
  23  8:58  Zealot  
  23  8:59  Probe  
  25  9:05  Zealot  
  25  9:12  Probe  
  19  9:19  Stalker  
Tags
 
League
Master
Matchup
PvZ
Player
ViBE
Spawn Locations
Cross Positions
Add a new tag
Caveats
  • Supply blocks, unpowered buildings, or Contaminate may cause inaccurate times.
  • Supply counts are checked every 10 seconds.